 Dungeon Crawl Stone Soup version 0.17.0-1-g61d176b (webtiles) character file.

126 oplop the Gusty (level 5, 0/28 HPs)
             Began as a Tengu Air Elementalist on Nov 7, 2015.
             Killed from afar by Sigmund (6 damage)
             ... with a puff of flame
             ... on level 2 of the Dungeon.
             The game lasted 00:05:34 (2125 turns).

oplop the Gusty (Tengu Air Elementalist)            Turns: 2125, Time: 00:05:34

Health: 0/28       AC:  4    Str:  9    XL:     5   Next: 9%
Magic:  9/10       EV: 13    Int: 16    God:
Gold:   49         SH:  0    Dex: 14    Spells: 1 memorised, 8 levels left

rFire  . . .     SeeInvis .     n - +0 dagger
rCold  . . .     Clarity  .     a - +0 robe
rNeg   . . .     SustAt   .     (no shield)
rPois  .         Gourm    .     (helmet restricted)
rElec  .         Spirit   .     m - +0 cloak
rCorr  .         Warding  .     f - +0 pair of gloves
rMut   .         Stasis   .     (boots unavailable)
MR     .....                    d - amulet of faith
Stlth  ++........               (no ring)
                                (no ring)

@: not resistant to hostile enchantments, unstealthy
A: beak, talons 3, able to fly 1
a: Fly


You were on level 2 of the Dungeon.
You were not hungry.

You visited 1 branch of the dungeon, and saw 3 of its levels.

You collected 49 gold pieces.

Inventory:

Hand Weapons
 n - a +0 dagger (weapon)
Armour
 a - a +0 robe (worn)
 f - a +0 pair of gloves (worn)
 m - a +0 cloak (worn)
Jewellery
 d - an amulet of faith (around neck)
 i - an uncursed ring of protection from fire {unknown}
Scrolls
 g - a scroll of identify {unknown}
 k - a scroll of recharging {unknown}
Potions
 e - a potion of curing {unknown}
 j - a potion of flight {unknown}
Books
 b - a book of Air

   Spells                             Type                      Level
   a - Shock                          Conjuration/Air              1
   b - Swiftness                      Charms/Air                   2
   c - Repel Missiles                 Charms/Air                   2
   d - Static Discharge               Conjuration/Air              3
   e - Lightning Bolt                 Conjuration/Air              5
Comestibles
 c - 3 bread rations


   Skills:
 + Level 3.2 Dodging
 - Level 2.0 Stealth
 + Level 2.9 Spellcasting
 + Level 3.4 Conjurations
 + Level 5.0 Air Magic


You had 8 spell levels left.
You knew the following spells:

 Your Spells              Type           Power        Failure   Level  Hunger
a - Shock                 Conj/Air       ###.         4%          1    #......


Dungeon Overview and Level Annotations

Branches:
Dungeon (3/15)

Altars:
Ashenzari
The Shining One

Annotations:
D:2 Sigmund


Innate Abilities, Weirdness & Mutations

You have a beak for a mouth.
You have claws for feet.
You can fly.


Message History

Aiming: Shock
Press: ? - help, Shift-Dir - straight line, f/p - orc
Aim: an orc, wielding a club (severely wounded)
The zap hits the orc priest.
The orc priest is moderately wounded.
The zap hits the orc.
The orc is almost dead.
The orc shouts!
There is a stone staircase leading up here.
You climb upwards.
Level annotation: Sigmund Sigmund casts a spell.
Sigmund flickers and vanishes!
There is a stone staircase leading down here.
A puff of flame appears from out of thin air!
The puff of flame hits you!
* * * LOW HITPOINT WARNING * * *
A puff of flame appears from out of thin air!
The puff of flame hits you!
You die...

.[.....# #.##...##...##.#
####.#.# #.##...##...##.#
####.#.# #....)......##.#####
.(...#.# #..............##...
.#####.# ######........(.......#.
.# #.# #.........<......(.##...
.#####.###.######...#.....####...
...........######.........# ##..#
..........{>....@.........###..##
.#####.#########._.....##.#...##.
.# #.# ##.............###..
.#####.# #.....⌠....###...##.
.......# #..........# ###..##
....#### #......._.## ##..# ###.#
##.[......# ##.. # #.# #.#....###
#.. # #.# #....### #.#


There were no monsters in sight!

Vanquished Creatures
  An orc wizard (D:3)
  5 adders (D:2)
  An ooze (D:2)
  2 worms (D:2)
  4 orcs (D:3)
  2 ball pythons (D:1)
  2 bats (D:2)
  3 giant cockroaches
  5 hobgoblins
  3 jackals (D:2)
  2 quokkas
  3 giant newts
  5 goblins
  4 kobolds
  3 rats
45 creatures vanquished.

Notes
Turn   | Place    | Note
--------------------------------------------------------------
     0 | D:1      | oplop the Tengu Air Elementalist began the quest for the Orb.
     0 | D:1      | Reached XP level 1. HP: 10/10 MP: 4/4
     3 | D:1      | Noticed an electric eel
     3 | D:1      | Noticed an electric eel
   216 | D:1      | Reached XP level 2. HP: 15/15 MP: 4/6
   788 | D:2      | Reached XP level 3. HP: 19/19 MP: 0/7
  1167 | D:2      | Found a glowing golden altar of the Shining One.
  1270 | D:2      | Reached XP level 4. HP: 22/24 MP: 2/8
  1319 | D:2      | Found a glowing golden altar of the Shining One.
  1597 | D:2      | Found a shattered altar of Ashenzari.
  1637 | D:2      | Noticed Sigmund
  1985 | D:3      | Reached skill level 5 in Air Magic
  1985 | D:3      | Gained mutation: You can fly. [Tengu growth]
  1985 | D:3      | Reached XP level 5. HP: 7/28 MP: 1/10
  2125 | D:2      | Killed from afar by Sigmund

Action                   |  1- 3 |  4- 6 || total
-------------------------+-------+-------++-------
Melee: Unarmed           |    15 |       ||    15
       Dagger            |       |    18 ||    18
 Cast: Shock             |    68 |    38 ||   106
 Abil: Fly               |       |     1 ||     1
  Use: Scroll            |       |     4 ||     4
 Stab: Sleeping          |       |     2 ||     2
  Eat: Chunk             |     2 |     1 ||     3
       Meat ration       |       |     1 ||     1
